AoeStats
← Ceki

African Clearing

510738540Analyzed
2v2 RM · 12h ago on Oct 2, 2026· 23m 38s· 4 players
Game mode
Random Map
Map size
Medium (4 player)
Population
200
Speed
Normal
Resources
Standard
Victory
Conquest
Starting age
Dark Age
Ending age
Imperial Age
RankedLock teamsTeams togetherTeam positionsShared explorationLock speedFull tech treeHidden civsTurbo modeCheats
Victory
Defeat
🇷🇸 Aztecs · Serbia
1667
+10
🇧🇦 Magyars · Bosnia & Herzegovina
1529
+16
🇬🇧 Poles · United Kingdom
1559
-14
🇹🇷 Saracens · Türkiye
1505
-12
leaftopjo
10:29 Loom
12:52 Feudal Age
17:05 Horse Collar
Brutalitops
3:41 Loom
13:40 Feudal Age
20:28 Castle Age
18:39 Double-Bit Axe
19:33 Gold Mining
19:40 Stone Mining
Ceki
6:54 Loom
14:12 Feudal Age
16:07 Gold Mining
18:28 Castle Age
16:37 Scale Mail Armor
16:35 Double-Bit Axe
18:16 Forging
19:26 Chain Mail Armor
20:03 Eagle Warrior
22:15 Squires
Athenaeis
5:29 Loom
11:55 Feudal Age
12:51 Double-Bit Axe
16:58 Scale Barding Armor
19:39 Bloodlines
21:07 Wheelbarrow
23:40 Castle Age
Connection lost

Rejoining the realm…

Still unreachable

The connection could not be restored.

Session expired

The server has moved on; the page needs a fresh start.